 Dungeon Crawl Stone Soup version 0.20-a0-553-g9f38e11 (webtiles) character file.

109 drasked the Magician (level 4, -1/21 HPs)
             Began as a Spriggan Conjurer on Feb 3, 2017.
             Killed by nerve-wracking pain
             ... invoked by an orc priest
              (6 damage)
             ... on level 3 of the Dungeon.
             The game lasted 00:07:58 (2920 turns).

drasked the Magician (Spriggan Conjurer)            Turns: 2920, Time: 00:07:59

Health: -1/21      AC:  2    Str:  4    XL:     4   Next: 59%
Magic:  6/11       EV: 18    Int: 17    God:
Gold:   180        SH:  0    Dex: 16    Spells: 1/11 levels left

rFire    . . .     SeeInvis +   h - +2 dagger (venom)
rCold    . . .     Gourm    .   a - +0 robe
rNeg     . . .     Faith    .   (shield restricted)
rPois    .         Spirit   .   (helmet restricted)
rElec    .         Reflect  .   (no cloak)
rCorr    .         Harm     .   (gloves unavailable)
MR       .....                  (boots unavailable)
Stlth    ++........             (no amulet)
Regen    0.1/turn               (no ring)
                                (no ring)

@: very quick
A: unfitting armour, see invisible, herbivore 3, speed 3, slow metabolism 2
a: no special abilities


You were on level 3 of the Dungeon.
You were not hungry.

You visited 1 branch of the dungeon, and saw 3 of its levels.

You collected 180 gold pieces.

Inventory:

Hand Weapons
 d - a +0 club
   (You took it off a hobgoblin on level 1 of the Dungeon)
 f - a +0 club
   (You took it off a goblin on level 1 of the Dungeon)
 h - a +2 dagger of venom (weapon)
   (You took it off a goblin on level 1 of the Dungeon)
Armour
 a - a +0 robe (worn)
Jewellery
 j - an uncursed amulet of the gourmand {unknown}
   (You found it on level 2 of the Dungeon)
 k - an uncursed amulet of rage {unknown}
   (You found it on level 2 of the Dungeon)
 n - a cursed ring of teleportation {unknown}
   (You found it on level 3 of the Dungeon)
Scrolls
 e - 2 scrolls of identify {unknown}
 g - 2 scrolls of magic mapping {unknown}
 m - a scroll of teleportation {unknown}
Potions
 i - 2 potions of ambrosia {unknown}
 o - a potion of curing {unknown}
Books
 b - a book of Conjurations
Comestibles
 c - 2 bread rations {@e1}
 l - a royal jelly


   Skills:
 - Level 3.0 Dodging
 - Level 3.0 Stealth
 + Level 4.2 Spellcasting
 + Level 4.0 Conjurations


You had one spell level left.
You knew the following spells:

 Your Spells              Type           Power        Failure   Level  Hunger
a - Magic Dart            Conj           ###.         2%          1    None
b - Searing Ray           Conj           ###...       4%          2    ##.....
c - Dazzling Spray        Conj/Hex       ##....       21%         3    ###....
x - Iskenderun's Mystic   Conj           ###.....     30%         4    ####...


Dungeon Overview and Level Annotations

Branches:
Dungeon (3/15)

Altars:
Dithmenos
Fedhas

Annotations:
D:3 exclusion: Terence, Terence


Innate Abilities, Weirdness & Mutations

You are very small and have problems with some larger weapons.
You are too small for most types of armour.
You have supernaturally acute eyesight. (SInv)
You are a herbivore.
You cover ground extremely quickly.
You need consume almost no food.


Message History

The magic dart hits the hobgoblin.
You kill the hobgoblin!
You now have 7/11 mp.
There is a stone staircase leading down here.
There is a stone staircase leading down here.
A hobgoblin comes into view.
The hobgoblin shouts!
You regained 2 mp, and now have 9/11 mp.
Aim: a hobgoblin The magic dart hits the hobgoblin.
You now have 8/11 mp.
Aim: a hobgoblin (severely wounded)
The magic dart hits the hobgoblin.
You now have 7/11 mp.
Aim: a hobgoblin (severely wounded)
The magic dart hits the hobgoblin.
You kill the hobgoblin!
You now have 6/11 mp.
Found a stone staircase leading up.
There is a stone staircase leading up here.
A goblin comes into view.
You regained 2 mp, and now have 9/11 mp.
Aim: a goblin (hasn't noticed you)
The magic dart hits the goblin.
You kill the goblin!
You now have 8/11 mp.
o - a fuming brown potion You see here a mace.
You see here a mace.
Found a stone staircase leading down.
MP restored: 11 You open the door.
There is an open door here.
A rat comes into view.
A rat is nearby!
Aim: a rat (resting)
The magic dart hits the rat.
You kill the rat!
You now have 10/11 mp.
You open the door.
An adder comes into view.
The adder hisses angrily.
There is an open door here.
MP restored: 11
Aim: an adder The searing ray hits the adder. (Press . to maintain the ray.)
You now have 9/11 mp.
The searing ray hits the adder.
You now have 8/11 mp.
The searing ray hits the adder.
You kill the adder!
Your Conjurations skill increases to level 4!
You now have 7/11 mp.
Unknown command.
There is a stone staircase leading down here.
You open the door.
There is an open door here.
You open the door.
There is an open door here.
There is an open door here.
You open the door.
There is an open door here.
You open the door.
There is an open door here.
You open the door.
There is an open door here.
You open the door.
There is an open door here.
You open the door.
There is an open door here.
There is an open door here.
You open the door.
There is an open door here.
A quokka comes into view.
MP restored: 11
Aim: a quokka (resting)
The magic dart hits the quokka.
An orc priest comes into view. It is wielding a hand axe.
You now have 10/11 mp.
Aim: a quokka (heavily wounded)
The magic dart hits the quokka.
You kill the quokka!
The orc priest shouts!
You now have 9/11 mp.
Okay, then.
A giant cockroach comes into view.
The orc priest calls down the wrath of Beogh upon you.
Beogh smites you!
Ouch! That really hurt!
* * * LOW HITPOINT WARNING * * *
You take 16 damage, and have 5/21 hp.
MASSIVE DAMAGE!!
Aim: a giant cockroach (clinging, hasn't noticed you)
The spray of energy hits the giant cockroach.
The giant cockroach is dazzled.
The spray of energy hits the orc priest.
The orc priest mumbles some strange prayers to Beogh against you.
Pain shoots through your body!
You die...

......###+###.###'###
####..# #.# #.# #.#
#..# #.###.###.# #..#
#...'.'...# ##.#
#####.##### #.# #.# #
#.#######'#######..#
...............†s.#
..........@...o(!#
##################


You could see an orc priest and a giant cockroach (blind).

Vanquished Creatures
  5 adders
  An ooze (D:3)
  2 worms
  2 leopard geckos (D:1)
  An orc (D:3)
  A bat (D:3)
  2 giant cockroaches (D:1)
  8 goblins
  7 hobgoblins
  2 quokkas (D:3)
  2 ball pythons (D:1)
  7 frilled lizards
  7 kobolds
  6 rats
53 creatures vanquished.

Notes
Turn   | Place    | Note
-------+----------+-------------------------------------------
     0 | D:1      | drasked the Spriggan Conjurer began the quest for the Orb.
     0 | D:1      | Reached XP level 1. HP: 9/9 MP: 5/5
    68 | D:1      | Reached skill level 3 in Conjurations
   363 | D:1      | Reached skill level 3 in Spellcasting
   414 | D:1      | Reached XP level 2. HP: 13/13 MP: 7/7
  1274 | D:2      | Learned a level 2 spell: Searing Ray
  1283 | D:2      | Found a shadowy altar of Dithmenos.
  1351 | D:2      | Reached XP level 3. HP: 16/16 MP: 8/8
  1459 | D:2      | Found a blossoming altar of Fedhas.
  2296 | D:3      | Reached skill level 4 in Spellcasting
  2321 | D:3      | Reached XP level 4. HP: 21/21 MP: 0/11
  2326 | D:3      | Learned a level 3 spell: Dazzling Spray
  2331 | D:3      | Learned a level 4 spell: Iskenderun's Mystic Blast
  2580 | D:3      | Noticed Terence
  2850 | D:3      | Reached skill level 4 in Conjurations
  2919 | D:3      | HP: 5/21 [orc priest/divine providence (16)]
  2920 | D:3      | Killed from afar by an orc priest

Vault maps used:
D:1:      dpeg_arrival_tiny_f
D:2:      old_standard_altar, grunt_dithmenos_smoke_and_mirrors
D:3:      first_bread, minmay_door_square, kennysheep_generic_room_9,
          uniq_terence

Skill      XL: |  1  2  3  4 |
---------------+-------------+-----
Conjurations   | 3 4 |  4.0
Spellcasting   | 3 4 |  4.2
Dodging        | |  3.0
Stealth        | |  3.0

Action                   |  1- 3 |  4- 6 || total
-------------------------+-------+-------++-------
Melee: Dagger            |     8 |       ||     8
 Cast: Magic Dart        |    61 |    33 ||    94
       Searing Ray       |     4 |     1 ||     5
       Dazzling Spray    |       |     1 ||     1
 Stab: Sleeping          |     5 |       ||     5
Armor: Robe              |       |     1 ||     1
Dodge: Dodged            |     2 |     5 ||     7

Vault maps used:
D:1:      dpeg_arrival_tiny_f
D:2:      old_standard_altar, grunt_dithmenos_smoke_and_mirrors
D:3:      first_bread, minmay_door_square, kennysheep_generic_room_9,
          uniq_terence

Table legend:
 A = Turns spent in this place as a percentage of turns spent in the entire game.
 B = Non-inter-level travel turns spent in this place as a percentage of non-inter-level travel turns spent in the entire game.
 C = Inter-level travel turns spent in this place as a percentage of turns spent in this place.
 D = Turns resting spent in this place as a percentage of non-inter-level travel turns spent in this place.
 E = Turns spent auto-exploring this place as a percentage of non-inter-level travel turns spent in this place.
 F = Non-inter-level travel turns spent in this place divided by the number of levels of this place that you've seen.
                   A       B       C       D       E      F
               +-------+-------+-------+-------+-------+----------------------
         Total | 100.0 | 100.0 |   1.2 |   7.9 |  16.7 | 168.0
       Dungeon | 100.0 | 100.0 |   1.2 |   7.9 |  16.7 | 168.0
               +-------+-------+-------+-------+-------+----------------------

Table legend:
 A = Kills in this place as a percentage of kills in entire the game.
 B = Kills by you in this place as a percentage of kills by you in the entire game.
 C = Kills by friends in this place as a percentage of kills by friends in the entire game.
 D = Other kills in this place as a percentage of other kills in the entire game.
 E = Experience gained in this place as a percentage of experience gained in the entire game.
 F = Experience gained in this place divided by the number of levels of this place that you have seen.
                   A       B       C       D       E      F
               +-------+-------+-------+-------+-------+----------------------
         Total | 100.0 | 100.0 |  -nan |  -nan | 100.0 |  52.0
       Dungeon | 100.0 | 100.0 |  -nan |  -nan | 100.0 |  52.0
               +-------+-------+-------+-------+-------+----------------------
